Workbook
Name 営業品目: settings!$A$11:$A$279
Name 希望: 入力シート!$A$211
Name 都道府県3: settings!$A$1
Name 都道府県4: settings!$A$2
Name 日付例: settings!$A$3
Name 日付例_s: settings!$A$4

Sheet 入力シート
A1: 39_香南市 | C1: 香南市物品購入及び役務の提供に係る競争入札参加資格審査申請書 | W1: Ver.9.0.1
A2: 物品
A3: 9.0.1 | C3: 令和9・10年度 香南市物品購入及び役務の提供に係る競争入札参加資格審査申請に必要な項目を入力してください。
C5: 背景色が水色、またはピンク色の項目を入力してください。ピンク色は必須項目です。（正しく入力できていない場合もピンク色になります）
C6: エクセルの計算方法は「自動」に設定してください。
C7: 行の追加、削除、シートの変更などはできません。
C13: A.主たる営業所(本社)情報
A20: =IF(TRIM($I20)="", 1001, 0) -> 1001 | D20: 1 | E20: 郵便番号
J21: 例)1000001 「-（ハイフン）」を使わず7桁の数字で入力してください。
A22: =IF(AND(TRIM($I22)<>"", OR(ISERROR(FIND("@"&LEFT($I22,3)&"@", 都道府県3))=FALSE, ISERROR(FIND("@"&LEFT($I22,4)&"@",都道府県4))=FALSE))=FALSE, 1001, 0) -> 1001 | D22: 2 | E22: 所在地
J23: 都道府県から入力してください。
A24: =IF(TRIM($I24)="", 1001, 0) -> 1001 | D24: 3 | E24: 商号又は名称カナ
J25: 例)カブシキガイシャスズキグミ 正式名称を全角カタカナで入力してください。
A26: =IF(TRIM($I26)="", 1001, 0) -> 1001 | D26: 4 | E26: 商号又は名称
J27: 例)株式会社鈴木組 正式名称で入力してください。
A28: =IF(TRIM($I28)="", 1001, 0) -> 1001 | D28: 5 | E28: 代表者役職
J29: 正式名称で入力してください。個人の場合は「代表者」と入力してください。
A30: =IF(TRIM($I30)="", 1001, 0) -> 1001 | D30: 6 | E30: 代表者氏名カナ
J31: 全角カタカナで入力してください。姓と名は１文字分空けてください。
A32: =IF(TRIM($I32)="", 1001, 0) -> 1001 | D32: 7 | E32: 代表者氏名
J33: 姓と名は１文字分空けてください。
A34: =IF(NOT(AND(TRIM($I34)<>"",ISNUMBER(VALUE(SUBSTITUTE($I34,"-",""))))), 1001, 0) -> 1001 | D34: 8 | E34: 電話番号
J35: 例)0000-00-0000 半角の数字とハイフンで入力してください。
A36: =IF(AND(TRIM($I36)<>"",NOT(ISNUMBER(VALUE(SUBSTITUTE($I36,"-",""))))), 1001, 0) -> 0 | D36: 9 | E36: ＦＡＸ番号
J37: 例)0000-00-0000 半角の数字とハイフンで入力してください。
A38: =IF(AND($I63<>"する",TRIM($I38)=""), 1001, 0) -> 1001 | D38: 10 | E38: E-mailアドレス
J39: @を含む半角文字で入力してください。 支店・営業所に入札・契約権限を委任する場合、入力は不要です。
A40: =IF(AND($I40<>"一致する", $I40<>"一致しない"), 1001, 0) -> 0 | D40: 11 | E40: 登記上の所在地 | I40: 一致する
J41: 登記、または住民票上の所在地と「(2)所在地」が一致しているかどうかを、リストから選択してください。
C60: B.契約する営業所情報
D62: 支店・営業所に入札・契約権限を委任する場合、(1)入札・契約権限の委任欄にリストから「する」を選択し、支店・営業所情報を入力してください。
A63: =IF(AND($I63<>"しない", $I63<>"する"), 1001, 0) -> 1001 | D63: 1 | E63: 入札・契約権限の委任
J64: リストから選択してください。
A69: =IF(OR(AND($I63="する",TRIM($I69)=""),AND($I63="しない",NOT(ISBLANK($I69)))), 1001, 0) -> 0 | D69: 2 | E69: 郵便番号
J70: 例)1000001 「-（ハイフン）」を使わず7桁の数字で入力してください。
A71: =IF(OR(AND($I63="する",AND($I71<>"", OR(ISERROR(FIND("@"&LEFT($I71,3)&"@", 都道府県3))=FALSE, ISERROR(FIND("@"&LEFT($I71,4)&"@",都道府県4))=FALSE))=FALSE),AND($I63="しない",NOT(ISBLANK($I71)))), 1001, 0) -> 0 | D71: 3 | E71: 所在地
J72: 都道府県から入力してください。
A73: =IF(OR(AND($I63="する",TRIM($I73)=""),AND($I63="しない",NOT(ISBLANK($I73)))), 1001, 0) -> 0 | D73: 4 | E73: 商号又は名称カナ
J74: 例)カブシキガイシャスズキグミ コウチエイギョウショ 正式名称を全角カタカナで入力してください。支店・営業所名は、１文字空けて入力してください。
A75: =IF(OR(AND($I63="する",TRIM($I75)=""),AND($I63="しない",NOT(ISBLANK($I75)))), 1001, 0) -> 0 | D75: 5 | E75: 商号又は名称
J76: 例)株式会社鈴木組 高知営業所 正式名称で入力してください。支店・営業所名は、１文字空けて入力してください。
A77: =IF(OR(AND($I63="する",TRIM($I77)=""),AND($I63="しない",NOT(ISBLANK($I77)))), 1001, 0) -> 0 | D77: 6 | E77: 受任者役職
J78: 例)所長 正式名称で入力してください。
A79: =IF(OR(AND($I63="する",TRIM($I79)=""),AND($I63="しない",NOT(ISBLANK($I79)))), 1001, 0) -> 0 | D79: 7 | E79: 受任者氏名カナ
J80: 全角カタカナで入力してください。姓と名は１文字分空けてください。
A81: =IF(OR(AND($I63="する",TRIM($I81)=""),AND($I63="しない",NOT(ISBLANK($I81)))), 1001, 0) -> 0 | D81: 8 | E81: 受任者氏名
J82: 姓と名は１文字分空けてください。
A83: =IF(OR(AND($I63="する",NOT(AND(TRIM($I83)<>"",ISNUMBER(VALUE(SUBSTITUTE($I83,"-","")))))), AND($I63="しない",NOT(ISBLANK($I83)))), 1001, 0) -> 0 | D83: 9 | E83: 電話番号
J84: 例)0000-00-0000 半角の数字とハイフンで入力してください。
A85: =IF(OR(AND($I63="する",AND(TRIM($I85)<>"",NOT(ISNUMBER(VALUE(SUBSTITUTE($I85,"-","")))))), AND($I63="しない",NOT(ISBLANK($I85)))), 1001, 0) -> 0 | D85: 10 | E85: ＦＡＸ番号
J86: 例)0000-00-0000 半角の数字とハイフンで入力してください。
A87: =IF(OR(AND($I63="する", TRIM($I87)=""),AND($I63="しない", NOT(ISBLANK($I87)))), 1001, 0) -> 0 | D87: 11 | E87: E-mailアドレス
J88: @を含む半角文字で入力してください。
C109: C.担当者情報
D111: この申請書の事務手続きをした方の情報を入力してください。申請書の確認で問い合わせをする場合があります。 行政書士に依頼している場合は、「D.行政書士情報」に入力してください。
D112: 1 | E112: 担当者部署
J113: 部署がない場合は「本社」又は「本店」と入力し、個人の場合は「本店」と入力してください。
D114: 2 | E114: 担当者氏名カナ
J115: 全角カタカナで入力してください。姓と名は１文字分空けてください。
D116: 3 | E116: 担当者氏名
J117: 姓と名は１文字分空けてください。
A118: =IF(AND(TRIM($I118)<>"",NOT(ISNUMBER(VALUE(SUBSTITUTE($I118,"-",""))))), 1001, 0) -> 0 | D118: 4 | E118: 電話番号
J119: 例)0000-00-0000 半角の数字とハイフンで入力してください。
A120: =IF(AND(TRIM($I120)<>"",NOT(ISNUMBER(VALUE(SUBSTITUTE($I120,"-",""))))), 1001, 0) -> 0 | D120: 5 | E120: ＦＡＸ番号
J121: 半角の数字とハイフンで入力してください。保有していない場合は、入力する必要はありません。
D122: 6 | E122: E-mailアドレス
J123: 保有していない場合は、入力する必要はありません。
C146: D.行政書士情報
D148: 行政書士が代理申請する場合、(1)代理申請欄にリストから「する」を選択し、行政書士情報を入力してください。
A149: =IF(AND($I149<>"しない", $I149<>"する"), 1001, 0) -> 0 | D149: 1 | E149: 代理申請 | I149: しない
J150: リストから選択してください。
A151: =IF(AND($I149="する",TRIM($I151)=""), 1001, 0) -> 0 | D151: 2 | E151: 郵便番号
J152: 例)1000001 「-（ハイフン）」を使わず7桁の数字で入力してください。
A153: =IF(AND($I149="する",TRIM($I153)=""), 1001, 0) -> 0 | D153: 3 | E153: 所在地
J154: 都道府県から入力してください。
D155: 4 | E155: 行政書士氏名カナ
J156: 全角カタカナで入力してください。姓と名は１文字分空けてください。
A157: =IF(AND($I149="する",TRIM($I157)=""), 1001, 0) -> 0 | D157: 5 | E157: 行政書士氏名
J158: 姓と名は１文字分空けてください。
A159: =IF(AND($I149="する",NOT(AND(TRIM($I159)<>"",ISNUMBER(VALUE(SUBSTITUTE($I159,"-","")))))), 1001, 0) -> 0 | D159: 6 | E159: 電話番号
J160: 例)0000-00-0000 半角の数字とハイフンで入力してください。
A161: =IF(AND($I149="する",AND(TRIM($I161)<>"",NOT(ISNUMBER(VALUE(SUBSTITUTE($I161,"-","")))))), 1001, 0) -> 0 | D161: 7 | E161: ＦＡＸ番号
J162: 半角の数字とハイフンで入力してください。保有していない場合は、入力する必要はありません。
C166: E.経営情報
A169: =IF(TRIM($I169)="", 1001, 0) -> 1001 | D169: 1 | E169: 自己資本額 | N169: 千円
J170: （審査基準日の直近決算時)貸借対照表 純資産の部「純資産合計」の額を入力してください。
D171: 2 | E171: 決算日
J172: =日付例&" 自己資本額を算定した決算日を入力してください。" -> 例)2026/4/1、R8/4/1 自己資本額を算定した決算日を入力してください。
A173: =IF(TRIM($I173)="", 1001, 0) -> 1001 | D173: 3 | E173: 創業 | N173: 年
J174: 例)平成15、嘉永元 創業年を入力してください。
D175: 4 | E175: 休業又は転(廃)業の期間 | N175: から | R175: まで
J176: =日付例&" 年月日を入力してください。" -> 例)2026/4/1、R8/4/1 年月日を入力してください。
D177: 5 | E177: 現組織への変更年月日
J178: =日付例&" 年月日を入力してください。" -> 例)2026/4/1、R8/4/1 年月日を入力してください。
A179: =IF(TRIM($I179)="", 1001, 0) -> 1001 | D179: 6 | E179: 営業年数 | N179: 年
J180: 例)10 1年未満の端数は切り捨ててください。1年に満たない場合は0を入力してください。
D181: 7 | E181: 常勤職員の数 | N181: 人
D183: 8 | E183: 役員等の数 | N183: 人
J184: ="(" & D181 & ")" &E181 & "の内数" -> (7)常勤職員の数の内数
A185: =IF(TRIM($I185)="", 1001, 0) -> 1001 | D185: 9 | E185: 課税免税届
...

Sheet 役員情報入力シート
A1: 39_香南市 | C1: 役員情報 | K1: Ver.7.0.1
A2: 役員
A3: 7.0.1 | C3: 登記された役員および、委任先営業所の役員を入力してください。役員が複数になる場合は、行をあけずに入力してください。
C4: *1 役職は、正式名称で入力してください。 *2 氏名は、姓と名を１文字分空けて入力してください。 *3 フリガナは、全角カタカナで入力し、姓と名は１文字分空けてください。 *4 性別、常勤・非常勤はリストから選択してください。
D8: 役職 *1 | E8: 氏名 *2 | F8: フリガナ *3 | G8: 性別 *4 | H8: ="生年月日 " & 日付例_s -> 生年月日 例)2026/4/1 | I8: 常勤・非常勤 *4 | J8: 住所 | K8: 備考 | M8: =COUNTIF(M9:M58,">0") -> 0
A9: =IFERROR(IF(AND(OR($C9=1,AND($C9>1,$M9>0)), OR(TRIM($D9)="",TRIM($E9)="",TRIM($F9)="",TRIM($G9)="",TRIM($H9)="")),1001,0),3) -> 1001 | C9: 1 | M9: =COUNTA($D9:$F9,$H9,$J9:$K9)+IF(TRIM($G9)="",0,1)+IF(TRIM($I9)="",0,1) -> 0
A10: =IFERROR(IF(AND(OR($C10=1,AND($C10>1,$M10>0)), OR(TRIM($D10)="",TRIM($E10)="",TRIM($F10)="",TRIM($G10)="",TRIM($H10)="")),1001,0),3) -> 0 | C10: 2 | M10: =COUNTA($D10:$F10,$H10,$J10:$K10)+IF(TRIM($G10)="",0,1)+IF(TRIM($I10)="",0,1) -> 0
A11: =IFERROR(IF(AND(OR($C11=1,AND($C11>1,$M11>0)), OR(TRIM($D11)="",TRIM($E11)="",TRIM($F11)="",TRIM($G11)="",TRIM($H11)="")),1001,0),3) -> 0 | C11: 3 | M11: =COUNTA($D11:$F11,$H11,$J11:$K11)+IF(TRIM($G11)="",0,1)+IF(TRIM($I11)="",0,1) -> 0
A12: =IFERROR(IF(AND(OR($C12=1,AND($C12>1,$M12>0)), OR(TRIM($D12)="",TRIM($E12)="",TRIM($F12)="",TRIM($G12)="",TRIM($H12)="")),1001,0),3) -> 0 | C12: 4 | M12: =COUNTA($D12:$F12,$H12,$J12:$K12)+IF(TRIM($G12)="",0,1)+IF(TRIM($I12)="",0,1) -> 0
A13: =IFERROR(IF(AND(OR($C13=1,AND($C13>1,$M13>0)), OR(TRIM($D13)="",TRIM($E13)="",TRIM($F13)="",TRIM($G13)="",TRIM($H13)="")),1001,0),3) -> 0 | C13: 5 | M13: =COUNTA($D13:$F13,$H13,$J13:$K13)+IF(TRIM($G13)="",0,1)+IF(TRIM($I13)="",0,1) -> 0
A14: =IFERROR(IF(AND(OR($C14=1,AND($C14>1,$M14>0)), OR(TRIM($D14)="",TRIM($E14)="",TRIM($F14)="",TRIM($G14)="",TRIM($H14)="")),1001,0),3) -> 0 | C14: 6 | M14: =COUNTA($D14:$F14,$H14,$J14:$K14)+IF(TRIM($G14)="",0,1)+IF(TRIM($I14)="",0,1) -> 0
A15: =IFERROR(IF(AND(OR($C15=1,AND($C15>1,$M15>0)), OR(TRIM($D15)="",TRIM($E15)="",TRIM($F15)="",TRIM($G15)="",TRIM($H15)="")),1001,0),3) -> 0 | C15: 7 | M15: =COUNTA($D15:$F15,$H15,$J15:$K15)+IF(TRIM($G15)="",0,1)+IF(TRIM($I15)="",0,1) -> 0
A16: =IFERROR(IF(AND(OR($C16=1,AND($C16>1,$M16>0)), OR(TRIM($D16)="",TRIM($E16)="",TRIM($F16)="",TRIM($G16)="",TRIM($H16)="")),1001,0),3) -> 0 | C16: 8 | M16: =COUNTA($D16:$F16,$H16,$J16:$K16)+IF(TRIM($G16)="",0,1)+IF(TRIM($I16)="",0,1) -> 0
A17: =IFERROR(IF(AND(OR($C17=1,AND($C17>1,$M17>0)), OR(TRIM($D17)="",TRIM($E17)="",TRIM($F17)="",TRIM($G17)="",TRIM($H17)="")),1001,0),3) -> 0 | C17: 9 | M17: =COUNTA($D17:$F17,$H17,$J17:$K17)+IF(TRIM($G17)="",0,1)+IF(TRIM($I17)="",0,1) -> 0
A18: =IFERROR(IF(AND(OR($C18=1,AND($C18>1,$M18>0)), OR(TRIM($D18)="",TRIM($E18)="",TRIM($F18)="",TRIM($G18)="",TRIM($H18)="")),1001,0),3) -> 0 | C18: 10 | M18: =COUNTA($D18:$F18,$H18,$J18:$K18)+IF(TRIM($G18)="",0,1)+IF(TRIM($I18)="",0,1) -> 0
A19: =IFERROR(IF(AND(OR($C19=1,AND($C19>1,$M19>0)), OR(TRIM($D19)="",TRIM($E19)="",TRIM($F19)="",TRIM($G19)="",TRIM($H19)="")),1001,0),3) -> 0 | C19: 11 | M19: =COUNTA($D19:$F19,$H19,$J19:$K19)+IF(TRIM($G19)="",0,1)+IF(TRIM($I19)="",0,1) -> 0
A20: =IFERROR(IF(AND(OR($C20=1,AND($C20>1,$M20>0)), OR(TRIM($D20)="",TRIM($E20)="",TRIM($F20)="",TRIM($G20)="",TRIM($H20)="")),1001,0),3) -> 0 | C20: 12 | M20: =COUNTA($D20:$F20,$H20,$J20:$K20)+IF(TRIM($G20)="",0,1)+IF(TRIM($I20)="",0,1) -> 0
... A58: =IFERROR(IF(AND(OR($C58=1,AND($C58>1,$M58>0)), OR(TRIM($D58)="",TRIM($E58)="",TRIM($F58)="",TRIM($G58)="",TRIM($H58)="")),1001,0),3) -> 0 | C58: 50 | M58: =COUNTA($D58:$F58,$H58,$J58:$K58)+IF(TRIM($G58)="",0,1)+IF(TRIM($I58)="",0,1) -> 0

Sheet settings
A1: ="@北海道@青森県@岩手県@宮城県@秋田県@山形県@福島県@茨城県@栃木県@群馬県@埼玉県@千葉県@東京都@新潟県@富山県@石川県@福井県@山梨県@長野県@岐阜県@静岡県@愛知県@三重県@滋賀県@京都府@大阪府@兵庫県@奈良県@鳥取県@島根県@岡山県@広島県@山口県@徳島県@香川県@愛媛県@高知県@福岡県@佐賀県@長崎県@熊本県@大分県@宮崎県@沖縄県@" -> @北海道@青森県@岩手県@宮城県@秋田県@山形県@福島県@茨城県@栃木県@群馬県@埼玉県@千葉県@東京都@新潟県@富山県@石川県@福井県@山梨県@長野県@岐阜県@静岡県@愛知県@三重県@滋賀県@京都府@大阪府@兵庫県@奈良県@鳥取県@島根県@岡山県@広島県@山口県@徳島県@香川県@愛媛県@高知県@福岡県@佐賀県@長崎県@熊本県@大分県@宮崎県@沖縄県@
A2: ="@神奈川県@和歌山県@鹿児島県@" -> @神奈川県@和歌山県@鹿児島県@
A3: 例)2026/4/1、R8/4/1
A4: 例)2026/4/1
A10: リストデータ | B10: 選択 | C10: 連番 | D10: 分類 | E10: 品目 | F10: リスト表示文字列
A11: =IF(MAX($B$11:$B$278)>=C11,VLOOKUP(C11,$B$11:$F$278,5)," ") | B11: =IF(入力シート!H212="○",COUNTIF(入力シート!$H$212:H212,"○"),"") | C11: 1 | D11: 物品:1 車両・船舶・航空機 | E11: 中型・大型自動車(バス・トラック) | F11: =D11 & " - " & E11 -> 物品:1 車両・船舶・航空機 - 中型・大型自動車(バス・トラック)
A12: =IF(MAX($B$11:$B$278)>=C12,VLOOKUP(C12,$B$11:$F$278,5)," ") | B12: =IF(入力シート!H213="○",COUNTIF(入力シート!$H$212:H213,"○"),"") | C12: 2 | D12: 物品:1 車両・船舶・航空機 | E12: 自動車(普通自動車、軽自動車、小型自動車等) | F12: =D12 & " - " & E12 -> 物品:1 車両・船舶・航空機 - 自動車(普通自動車、軽自動車、小型自動車等)
A13: =IF(MAX($B$11:$B$278)>=C13,VLOOKUP(C13,$B$11:$F$278,5)," ") | B13: =IF(入力シート!H214="○",COUNTIF(入力シート!$H$212:H214,"○"),"") | C13: 3 | D13: 物品:1 車両・船舶・航空機 | E13: 救急自動車 | F13: =D13 & " - " & E13 -> 物品:1 車両・船舶・航空機 - 救急自動車
A14: =IF(MAX($B$11:$B$278)>=C14,VLOOKUP(C14,$B$11:$F$278,5)," ") | B14: =IF(入力シート!H215="○",COUNTIF(入力シート!$H$212:H215,"○"),"") | C14: 4 | D14: 物品:1 車両・船舶・航空機 | E14: 消防自動車 | F14: =D14 & " - " & E14 -> 物品:1 車両・船舶・航空機 - 消防自動車
A15: =IF(MAX($B$11:$B$278)>=C15,VLOOKUP(C15,$B$11:$F$278,5)," ") | B15: =IF(入力シート!H216="○",COUNTIF(入力シート!$H$212:H216,"○"),"") | C15: 5 | D15: 物品:1 車両・船舶・航空機 | E15: 自動二輪車・原動機付自転車 | F15: =D15 & " - " & E15 -> 物品:1 車両・船舶・航空機 - 自動二輪車・原動機付自転車
A16: =IF(MAX($B$11:$B$278)>=C16,VLOOKUP(C16,$B$11:$F$278,5)," ") | B16: =IF(入力シート!H217="○",COUNTIF(入力シート!$H$212:H217,"○"),"") | C16: 6 | D16: 物品:1 車両・船舶・航空機 | E16: 自動車関連用品 | F16: =D16 & " - " & E16 -> 物品:1 車両・船舶・航空機 - 自動車関連用品
A17: =IF(MAX($B$11:$B$278)>=C17,VLOOKUP(C17,$B$11:$F$278,5)," ") | B17: =IF(入力シート!H218="○",COUNTIF(入力シート!$H$212:H218,"○"),"") | C17: 7 | D17: 物品:1 車両・船舶・航空機 | E17: 自転車 | F17: =D17 & " - " & E17 -> 物品:1 車両・船舶・航空機 - 自転車
A18: =IF(MAX($B$11:$B$278)>=C18,VLOOKUP(C18,$B$11:$F$278,5)," ") | B18: =IF(入力シート!H219="○",COUNTIF(入力シート!$H$212:H219,"○"),"") | C18: 8 | D18: 物品:1 車両・船舶・航空機 | E18: ボート・ヨット | F18: =D18 & " - " & E18 -> 物品:1 車両・船舶・航空機 - ボート・ヨット
A19: =IF(MAX($B$11:$B$278)>=C19,VLOOKUP(C19,$B$11:$F$278,5)," ") | B19: =IF(入力シート!H220="○",COUNTIF(入力シート!$H$212:H220,"○"),"") | C19: 9 | D19: 物品:1 車両・船舶・航空機 | E19: 無人航空機(ドローンを含む) | F19: =D19 & " - " & E19 -> 物品:1 車両・船舶・航空機 - 無人航空機(ドローンを含む)
A20: =IF(MAX($B$11:$B$278)>=C20,VLOOKUP(C20,$B$11:$F$278,5)," ") | B20: =IF(入力シート!H221="○",COUNTIF(入力シート!$H$212:H221,"○"),"") | C20: 10 | D20: 物品:2 工作機械器具 | E20: 計量・計測機器 | F20: =D20 & " - " & E20 -> 物品:2 工作機械器具 - 計量・計測機器
A21: =IF(MAX($B$11:$B$278)>=C21,VLOOKUP(C21,$B$11:$F$278,5)," ") | B21: =IF(入力シート!H222="○",COUNTIF(入力シート!$H$212:H222,"○"),"") | C21: 11 | D21: 物品:2 工作機械器具 | E21: 工具類 | F21: =D21 & " - " & E21 -> 物品:2 工作機械器具 - 工具類
A22: =IF(MAX($B$11:$B$278)>=C22,VLOOKUP(C22,$B$11:$F$278,5)," ") | B22: =IF(入力シート!H223="○",COUNTIF(入力シート!$H$212:H223,"○"),"") | C22: 12 | D22: 物品:3 農業用・土木用機械器具 | E22: 農業用・土木用機械器具 | F22: =D22 & " - " & E22 -> 物品:3 農業用・土木用機械器具 - 農業用・土木用機械器具
... A160: =IF(MAX($B$11:$B$278)>=C160,VLOOKUP(C160,$B$11:$F$278,5)," ") | B160: =IF(入力シート!H361="○",COUNTIF(入力シート!$H$212:H361,"○"),"") | C160: 150 | D160: 物品:22 その他物品 | E160: その他物品 | F160: =D160 & " - " & E160 -> 物品:22 その他物品 - その他物品
A161: =IF(MAX($B$11:$B$278)>=C161,VLOOKUP(C161,$B$11:$F$278,5)," ") | B161: =IF(入力シート!H367="○",COUNTIF(入力シート!$H$212:$H$361,"○")+COUNTIF(入力シート!$H$367:H367,"○"),"") | C161: 151 | D161: 役務:1 物品のリース・レンタル | E161: 車両 | F161: =D161 & " - " & E161 -> 役務:1 物品のリース・レンタル - 車両
A162: =IF(MAX($B$11:$B$278)>=C162,VLOOKUP(C162,$B$11:$F$278,5)," ") | B162: =IF(入力シート!H368="○",COUNTIF(入力シート!$H$212:$H$361,"○")+COUNTIF(入力シート!$H$367:H368,"○"),"") | C162: 152 | D162: 役務:1 物品のリース・レンタル | E162: ドローン | F162: =D162 & " - " & E162 -> 役務:1 物品のリース・レンタル - ドローン
A163: =IF(MAX($B$11:$B$278)>=C163,VLOOKUP(C163,$B$11:$F$278,5)," ") | B163: =IF(入力シート!H369="○",COUNTIF(入力シート!$H$212:$H$361,"○")+COUNTIF(入力シート!$H$367:H369,"○"),"") | C163: 153 | D163: 役務:1 物品のリース・レンタル | E163: 工作機械 | F163: =D163 & " - " & E163 -> 役務:1 物品のリース・レンタル - 工作機械
A164: =IF(MAX($B$11:$B$278)>=C164,VLOOKUP(C164,$B$11:$F$278,5)," ") | B164: =IF(入力シート!H370="○",COUNTIF(入力シート!$H$212:$H$361,"○")+COUNTIF(入力シート!$H$367:H370,"○"),"") | C164: 154 | D164: 役務:1 物品のリース・レンタル | E164: 農林業土木建設機械 | F164: =D164 & " - " & E164 -> 役務:1 物品のリース・レンタル - 農林業土木建設機械
A165: =IF(MAX($B$11:$B$278)>=C165,VLOOKUP(C165,$B$11:$F$278,5)," ") | B165: =IF(入力シート!H371="○",COUNTIF(入力シート!$H$212:$H$361,"○")+COUNTIF(入力シート!$H$367:H371,"○"),"") | C165: 155 | D165: 役務:1 物品のリース・レンタル | E165: 空調機器 | F165: =D165 & " - " & E165 -> 役務:1 物品のリース・レンタル - 空調機器
A166: =IF(MAX($B$11:$B$278)>=C166,VLOOKUP(C166,$B$11:$F$278,5)," ") | B166: =IF(入力シート!H372="○",COUNTIF(入力シート!$H$212:$H$361,"○")+COUNTIF(入力シート!$H$367:H372,"○"),"") | C166: 156 | D166: 役務:1 物品のリース・レンタル | E166: 電気・通信機械器具 | F166: =D166 & " - " & E166 -> 役務:1 物品のリース・レンタル - 電気・通信機械器具
A167: =IF(MAX($B$11:$B$278)>=C167,VLOOKUP(C167,$B$11:$F$278,5)," ") | B167: =IF(入力シート!H373="○",COUNTIF(入力シート!$H$212:$H$361,"○")+COUNTIF(入力シート!$H$367:H373,"○"),"") | C167: 157 | D167: 役務:1 物品のリース・レンタル | E167: 理化学・計測機械器具類 | F167: =D167 & " - " & E167 -> 役務:1 物品のリース・レンタル - 理化学・計測機械器具類
A168: =IF(MAX($B$11:$B$278)>=C168,VLOOKUP(C168,$B$11:$F$278,5)," ") | B168: =IF(入力シート!H374="○",COUNTIF(入力シート!$H$212:$H$361,"○")+COUNTIF(入力シート!$H$367:H374,"○"),"") | C168: 158 | D168: 役務:1 物品のリース・レンタル | E168: 防犯カメラ | F168: =D168 & " - " & E168 -> 役務:1 物品のリース・レンタル - 防犯カメラ
A169: =IF(MAX($B$11:$B$278)>=C169,VLOOKUP(C169,$B$11:$F$278,5)," ") | B169: =IF(入力シート!H375="○",COUNTIF(入力シート!$H$212:$H$361,"○")+COUNTIF(入力シート!$H$367:H375,"○"),"") | C169: 159 | D169: 役務:1 物品のリース・レンタル | E169: パソコン・タブレット(周辺機器・サーバーを含む) | F169: =D169 & " - " & E169 -> 役務:1 物品のリース・レンタル - パソコン・タブレット(周辺機器・サーバーを含む)
A170: =IF(MAX($B$11:$B$278)>=C170,VLOOKUP(C170,$B$11:$F$278,5)," ") | B170: =IF(入力シート!H376="○",COUNTIF(入力シート!$H$212:$H$361,"○")+COUNTIF(入力シート!$H$367:H376,"○"),"") | C170: 160 | D170: 役務:1 物品のリース・レンタル | E170: 複合機 | F170: =D170 & " - " & E170 -> 役務:1 物品のリース・レンタル - 複合機
A171: =IF(MAX($B$11:$B$278)>=C171,VLOOKUP(C171,$B$11:$F$278,5)," ") | B171: =IF(入力シート!H377="○",COUNTIF(入力シート!$H$212:$H$361,"○")+COUNTIF(入力シート!$H$367:H377,"○"),"") | C171: 161 | D171: 役務:1 物品のリース・レンタル | E171: 印刷機 | F171: =D171 & " - " & E171 -> 役務:1 物品のリース・レンタル - 印刷機
A172: =IF(MAX($B$11:$B$278)>=C172,VLOOKUP(C172,$B$11:$F$278,5)," ") | B172: =IF(入力シート!H378="○",COUNTIF(入力シート!$H$212:$H$361,"○")+COUNTIF(入力シート!$H$367:H378,"○"),"") | C172: 162 | D172: 役務:1 物品のリース・レンタル | E172: 電話交換機 | F172: =D172 & " - " & E172 -> 役務:1 物品のリース・レンタル - 電話交換機
... A278: =IF(MAX($B$11:$B$278)>=C278,VLOOKUP(C278,$B$11:$F$278,5)," ") | B278: =IF(入力シート!H484="○",COUNTIF(入力シート!$H$212:$H$361,"○")+COUNTIF(入力シート!$H$367:H484,"○"),"") | C278: 268 | D278: 役務:11 その他のサービス | E278: その他 | F278: =D278 & " - " & E278 -> 役務:11 その他のサービス - その他
B279: ←空白用
